 Dungeon Crawl Stone Soup version 0.31-a0-187-gba352fbbf7 (webtiles) character file.

Game seed: 7051125910226152204

473 qw the Skirmisher (level 6, -12/35 HPs)
             Began as a Deep Elf Hunter on June 22, 2023.
             Mangled by a shadow (24 damage)
             ... on level 5 of the Dungeon.
             The game lasted 00:01:14 (3217 turns).

qw the Skirmisher (Deep Elf Hunter)                 Turns: 3217, Time: 00:01:14

Health: -12/35     AC:  8    Str: 10    XL:     6   Next: 84%
Magic:  8/8        EV: 11    Int: 14    God:
Gold:   124        SH:  5    Dex: 18    Spells: 5/5 levels left

rFire   . . .        Y - +0 shortbow
rCold   . . .        (shield currently unavailable)
rNeg    . . .        e - +0 ring mail
rPois   .            h - +2 hat
rElec   .            (no cloak)
rCorr   .            (no gloves)
SInv    .            b - +0 pair of boots
Will    .....        j - amulet of reflection
Stlth   +            (no ring)
HPRegen 0.25/turn    (no ring)
MPRegen 0.11/turn

%: reflection
@: no status effects
A: no striking features
a: no special abilities


You were on level 5 of the Dungeon.
You visited 2 branches of the dungeon, and saw 6 of its levels.

You collected 144 gold pieces.
You spent 20 gold pieces at shops.


   Skills:
 - Level 2.0 Fighting
 + Level 10.2 Ranged Weapons
 - Level 1.0 Armour
 - Level 3.0 Dodging
 - Level 1.2 Stealth


You had 5 spell levels left.
You didn't know any spells.
Your spell library was empty.

Inventory:

Hand Weapons
 Y - a +0 shortbow (weapon)
Armour
 b - a +0 pair of boots (worn)
 e - a +0 ring mail (worn)
 h - a +2 hat (worn)
Jewellery
 j - an amulet of reflection (around neck)
Wands
 m - a wand of digging (6)
Scrolls
 g - a scroll of identify
 i - 3 scrolls of teleportation
Potions
 a - 3 potions of might
 d - 2 potions of curing
 f - 2 potions of cancellation
 k - a potion of enlightenment {unknown}
 l - a potion of brilliance {unknown}
 n - 2 potions of heal wounds
 o - a potion of haste {unknown}
 s - a potion of invisibility {unknown}

Dungeon Overview and Level Annotations

Branches:
Dungeon (5/15)             Temple (1/1) D:4

Altars:
Ashenzari
Cheibriados
Dithmenos
Elyvilon
Fedhas
Makhleb
Nemelex Xobeh
Qazlal
Sif Muna
Trog
Uskayaw
Vehumet
Yredelemnul
Zin
The Shining One

Shops:
D:4 ?(


Message History

Enter note:
Enter note:
Enter note:
Enter note: Done exploring.
(D) Dungeon (T) Temple
Where to? (* - list waypoints, Enter - D:4, ? - help)
What level of the Dungeon? (default 1, ? - help)
You see here a scroll of poison.
There is a stone staircase leading down here.
You climb downwards.
You hear the sound of rushing water.
There is an entrance to a sewer on this level.
Hurry and find it before the portal rusts away!
There is a stone staircase leading up here.
Waypoint 5 assigned to D:5.
3208 ||| PLANNING SEWER A shadow comes into view.
You shoot an arrow.
The arrow hits the shadow but does no damage.
The shadow slips into darkness.
The shadow flickers and vanishes!
Deactivating autopickup; reactivate with Ctrl-A.
You shoot an arrow. You shoot an arrow. You shoot an arrow. You shoot an arrow.
You shoot an arrow.
The shadow strikes at you from the darkness!
Ouch! That really hurt!
Reactivating autopickup.
You shoot an arrow.
The arrow hits the shadow but does no damage.
The shadow is lightly damaged.
The shadow slips into darkness.
The shadow flickers and vanishes!
Deactivating autopickup; reactivate with Ctrl-A.
You shoot an arrow.
The shadow strikes at you from the darkness!
Ouch! That really hurt!
You die...

#####
.###.####
......#.#
#..<#
#.#.###
.. #@..#
#. #{..#
.. ....#
#.
.#..... .
..#...###
.# #...#
.. ....#
.# #.###


There were no monsters in sight!

Vanquished Creatures
  Sigmund (D:2)
  A black bear (D:4)
  A howler monkey (D:4)
  A sleepcap (D:4)
  An iguana (D:4)
  An orc wizard (D:3)
  3 adders
  2 worms (D:3)
  3 dart slugs (D:1)
  9 orcs (D:3)
  2 ball pythons
  3 bats
  8 endoplasms
  A giant cockroach (D:2)
  5 goblins
  4 hobgoblins
  7 kobolds
  A quokka (D:2)
  7 frilled lizards
  3 rats
64 creatures vanquished.

Notes
Turn   | Place    | Note
-------+----------+-------------------------------------------
     0 | D:1      | qw the Deep Elf Hunter began the quest for the Orb.
     0 | D:1      | Reached XP level 1. HP: 12/12 MP: 3/3
     0 | D:1      | 0 ||| qw: Version: 0.3-a-9-g12657ce
     0 | D:1      | 0 ||| qw: Game counter: 2575
     0 | D:1      | 0 ||| qw: Always use a shield: true
     0 | D:1      | 0 ||| qw: God list: Okawaru
     0 | D:1      | 0 ||| qw: Allow faded altars: false
     0 | D:1      | 0 ||| qw: Do Orc after D:15 true
     0 | D:1      | 0 ||| qw: Do second Lair branch before Depths: true
     0 | D:1      | 0 ||| qw: Lair rune preference: random
     0 | D:1      | 0 ||| qw: Plans: Normal
     0 | D:1      | 0 ||| PLANNING D:1-11
    76 | D:1      | 76 ||| FLEEEEING.
    77 | D:1      | 77 ||| FLEEEEING.
   112 | D:1      | Reached XP level 2. HP: 16/16 MP: 4/4
   132 | D:1      | Reached skill level 6 in Ranged Weapons
   681 | D:1      | 681 ||| UPGRADING to +0 ring mail.
   691 | D:1      | 691 ||| DROPPING +0 leather armour.
   692 | D:1      | 692 ||| UPGRADING to +2 hat.
   697 | D:1      | 697 ||| UPGRADING to amulet of reflection.
   702 | D:1      | 702 ||| READING scroll labelled HINAULU ZULU.
   703 | D:1      | 703 ||| READING scroll labelled OMI SEPRONKO.
   704 | D:1      | 704 ||| READING scroll labelled LALE NYENKAPS.
   705 | D:1      | 705 ||| DRINKING 2 fuming silvery potions.
   706 | D:1      | 706 ||| DRINKING 3 smoky silvery potions.
   707 | D:1      | 707 ||| DROPPING scroll of butterflies.
   773 | D:2      | Noticed Sigmund
   779 | D:2      | 779 ||| DRINKING 2 bubbling sapphire potions.
   782 | D:2      | HP: 4/16 [Sigmund/+0 scythe (2)]
   787 | D:2      | Killed Sigmund
   788 | D:2      | Reached skill level 8 in Ranged Weapons
   788 | D:2      | Reached XP level 3. HP: 7/20 MP: 5/5
   788 | D:2      | Reached XP level 4. HP: 9/25 MP: 6/6
   788 | D:2      | Reached XP level 5. HP: 10/29 MP: 7/7
   895 | D:2      | Reached skill level 9 in Ranged Weapons
  1363 | D:2      | 1363 ||| UPGRADING to +0 pair of boots.
  1368 | D:2      | 1368 ||| READING scroll labelled OTAKHI NIGEL.
  1369 | D:2      | 1369 ||| READING scroll labelled VIURAIWKIF.
  1374 | D:2      | 1374 ||| READING scroll labelled ANAPNO YCEDA.
  1395 | D:3      | Found a faded altar of an unknown god.
  1410 | D:3      | Identified the +3 rapier of Zixib {heavy, rC- rCorr MP+9}
  1564 | D:3      | 1564 ||| FLEEEEING.
  1565 | D:3      | 1565 ||| FLEEEEING.
  1566 | D:3      | 1566 ||| FLEEEEING.
  1567 | D:3      | 1567 ||| FLEEEEING.
  1568 | D:3      | 1568 ||| FLEEEEING.
  1569 | D:3      | 1569 ||| FLEEEEING.
  1570 | D:3      | 1570 ||| FLEEEEING.
  1571 | D:3      | 1571 ||| FLEEEEING.
  1572 | D:3      | 1572 ||| FLEEEEING.
  1573 | D:3      | 1573 ||| FLEEEEING.
  1574 | D:3      | 1574 ||| FLEEEEING.
  1575 | D:3      | 1575 ||| FLEEEEING.
  1577 | D:3      | 1577 ||| FLEEEEING.
  1783 | D:3      | 1783 ||| DROPPING +2 sling of electrocution.
  1969 | D:3      | 1969 ||| READING scroll labelled BUFAAQ ZUUTH.
  1970 | D:3      | 1970 ||| DRINKING 2 metallic golden potions.
  2036 | D:4      | Found Nuhid's Magic Scroll Boutique.
  2047 | D:4      | 2047 ||| BUYING scroll of identify (20 gold).
  2047 | D:4      | Bought a scroll of identify for 20 gold pieces
  2067 | D:4      | Noticed a black bear
  2079 | D:4      | Killed a black bear
  2080 | D:4      | Reached XP level 6. HP: 16/35 MP: 8/8
  2088 | D:4      | Reached skill level 10 in Ranged Weapons
  2285 | D:4      | Reached skill level 3 in Dodging
  2330 | D:4      | Reached skill level 1 in Armour
  2665 | D:4      | Found a staircase to the Ecumenical Temple.
  2666 | D:4      | 2666 ||| PLANNING TEMPLE
  2666 | D:4      | 2666 ||| READING 2 scrolls labelled ZAEXUTH LICIGH.
  2667 | D:4      | 2667 ||| READING scroll labelled XUETZOUWUO.
  2668 | D:4      | 2668 ||| READING scroll labelled SESONLOIGH.
  2669 | D:4      | 2669 ||| READING 2 scrolls of identify.
  2669 | D:4      | 2669 ||| IDENTIFYING bubbling puce potion
  2670 | D:4      | 2670 ||| DROPPING potion of degeneration.
  2671 | D:4      | 2671 ||| DROPPING scroll of poison.
  2673 | D:4      | 2673 ||| Stepping ~*~*~tactically~*~*~ (cloud).
  2777 | Temple   | Entered the Ecumenical Temple
  2788 | Temple   | 2788 ||| PLANNING D:1-11
  2920 | D:4      | Found Buesasys's Weapon Boutique.
  3207 | D:5      | Entered Level 5 of the Dungeon
  3208 | D:5      | 3208 ||| PLANNING SEWER
  3209 | D:5      | Noticed a shadow
  3217 | D:5      | Mangled by a shadow

Levels and vault maps discovered:
D:1:      ldierk_walled_garden, layout_loops_ring
D:2:      layout_basic, minmay_misc_feat_rows, uniq_sigmund
D:3:      layout_basic, nicolae_ecumenical_pavilion, st_stairs_6,
          kennysheep_doodads
D:4:      nicolae_cairo_tiling, layout_basic, temple_hall, serial_shops, shop,
          nicolae_diamond_shop
D:5:      layout_loops_corners, gammafunk_ghost_abyssal_escape,
          portal_sewer_entry_f, nicolae_concentric_dashed_squares_wild,
          serial_park_tiny_2, minmay_guarded_unrand_staff_of_olgreb
Temple:   minmay_freezing_vapour_temple

Skill      XL: |  1  2  3  4  5  6 |
---------------+-------------------+-----
Ranged Weapons | 8 9 10 | 10.2
Fighting       | 2 |  2.0
Dodging        | 3 |  3.0
Armour         | 1 |  1.0
Stealth        | |  1.2

Action                     |  1- 3 |  4- 6 || total
---------------------------+-------+-------++-------
   Fire: Shortbow          |    45 |   184 ||   229
    Use: Scroll            |     3 |     8 ||    11
         Potion            |     3 |     1 ||     4
 Armour: Ring mail         |       |    34 ||    34
  Dodge: Dodged            |     4 |    33 ||    37
  Block: Other             |     5 |    13 ||    18
         Reflection        |       |     1 ||     1

Table legend:
 A = Non-vault XP
 B = Vault XP
 C = Vault XP percentage of total XP
 D = Non-vault monster count
 E = Vault monster count
 F = Vault count percentage of total count
                 A         B        C        D         E       F
            +---------+---------+-------+---------+---------+-------
      Total |     445 |     232 |  34.3 |      62 |       2 |   3.1
            +---------+---------+-------+---------+---------+-------
        D:1 |      28 |       0 |   0.0 |      14 |       0 |   0.0
        D:2 |      28 |     231 |  89.2 |      10 |       1 |   9.1
        D:3 |      85 |       1 |   1.2 |      22 |       1 |   4.3
        D:4 |     304 |       0 |   0.0 |      16 |       0 |   0.0
            +---------+---------+-------+---------+---------+-------
